 Dungeon Crawl Stone Soup version 0.29-a0-330-g52719c12eb (webtiles) character file.

Game seed: 17655226308186793347

396 kae the Changer (level 6, -14/70 HPs)
             Began as a Draconian Transmuter on May 13, 2022.
             Demolished by an ogre
             ... wielding a +0 giant spiked club
              (26 damage)
             ... on level 4 of the Dungeon.
             The game lasted 00:02:44 (4388 turns).

kae the Changer (Draconian Transmuter)              Turns: 4388, Time: 00:02:45

Health: -14/70     AC: 23    Str: 13    XL:     6   Next: 52%
Magic:  10/11      EV:  2    Int: 15    God:
Gold:   239        SH:  0    Dex: 11    Spells: 6/12 levels left

rFire   . . .      SeeInvis .   b - +3 dagger (vamp)
rCold   . . .      Faith    .   (no shield)
rNeg    . . .      Spirit   .   (body armour unavailable)
rPois   +          Reflect  .   (helmet currently unavailable)
rElec   .          Harm     .   (cloak currently unavailable)
rCorr   .          Rampage  .   (gloves currently unavailable)
Will    .....      NoTele   +   (boots currently unavailable)
Stlth   +.........              (no amulet)
HPRegen 0.21/turn               (no ring)
MPRegen 0.12/turn               (no ring)

@: tree-form, very slightly contaminated
A: stationary, stasis, torment immunity, boosted hp, AC +6, unfitting armour,
(cold-blooded)
a: no special abilities


You were on level 4 of the Dungeon.
You were a tree.
You visited 1 branch of the dungeon, and saw 4 of its levels.

You collected 259 gold pieces.
You spent 20 gold pieces at shops.

Inventory:

Hand Weapons
 b - a +3 vampiric dagger (weapon)
Scrolls
 e - 2 scrolls of identify
Potions
 c - a potion of ambrosia
 d - a potion of curing


   Skills:
 - Level 1.1 Fighting
 - Level 1.7 Dodging
 + Level 4.3 Unarmed Combat
 + Level 3.5 Spellcasting
 * Level 5.1 Transmutations
 - Level 1.0 Poison Magic


You had 6 spell levels left.
You knew the following spells:

 Your Spells              Type           Power      Damage    Failure   Level
a - Beastly Appendage     Tmut           36%        N/A       2%          1
b - Wereblood             Tmut           18%        N/A       3%          2
c - Spider Form           Tmut/Pois      11%        N/A       16%         3

Your spell library contained the following spells:

 Spells                   Type           Power      Damage    Failure   Level
 Ice Form                 Ice/Tmut       10%        N/A       54%         4


Dungeon Overview and Level Annotations

Branches:
Dungeon (4/15)
 Temple: D:4-7

Altars:
Kikubaaqudgha
Uskayaw
Xom

Shops:
D:3 *

Annotations:
D:3 2 runed translucent doors


Innate Abilities, Weirdness & Mutations

You are a tree.
Your roots penetrate the ground, keeping you stationary.
You cannot be teleported.
You are immune to unholy pain and torment.
Your maximum health is greatly increased.
Your equipment is partially melded.
((Your plain brown scales are hard. (AC +6)))
You cannot fit into any form of body armour.
((You are cold-blooded and may be slowed by cold attacks.))


Message History

The goblin hits you but does no damage.
You hit the ogre.
You feel better.
The ogre is heavily wounded.
The ogre hits you with a +0 giant spiked club.
The phantom hits you but does no damage.
The goblin hits you but does no damage.
You hit the ogre.
You feel better.
The ogre is heavily wounded.
The ogre hits you with a +0 giant spiked club!
The phantom hits you.
* * * LOW HITPOINT WARNING * * *
The goblin hits you but does no damage.
You hit the ogre.
The ogre is severely wounded.
The phantom hits you but does no damage.
The goblin hits you but does no damage.
You closely miss the ogre.
The ogre is severely wounded.
The ogre hits you but does no damage. The goblin hits you but does no damage.
The phantom hits you but does no damage.
You closely miss the ogre.
The ogre is severely wounded.
The phantom hits you.
* * * LOW HITPOINT WARNING * * *
The ogre hits you but does no damage. The goblin hits you with a +0 club.
* * * LOW HITPOINT WARNING * * *
You hit the ogre.
The ogre is almost dead.
The phantom hits you but does no damage.
The goblin hits you with a +0 club.
* * * LOW HITPOINT WARNING * * *
You hit the ogre.
You feel better.
The ogre is almost dead.
The ogre hits you with a +0 giant spiked club.
* * * LOW HITPOINT WARNING * * *
The goblin hits you but does no damage.
The phantom hits you but does no damage.
You feel better. The goblin hits you but does no damage.
The ogre hits you with a +0 giant spiked club!!
You die...

##.#. ##...#
##....## #......##
##.......##
#.....$...#
#....g....##
#....♣O....#
#.....W....#
#......$...#
####[...........#
##....#.....)....#
#....##..........#
#...........###
#....########
#......##


You could see an ogre, a phantom and a goblin.

Vanquished Creatures
  A bullfrog (D:4)
  A hound (D:4)
  4 orc priests
  Jessica (D:2)
  Natasha (D:2)
  An orc wizard (D:4)
  4 adders (D:3)
  2 worms
  A dart slug (D:1)
  7 orcs
  5 endoplasms
  6 giant cockroaches (D:2)
  4 goblins
  4 hobgoblins
  3 jackals (D:4)
  7 kobolds
  2 quokkas (D:1)
  4 ball pythons
  5 bats
  A frilled lizard (D:1)
  3 rats
67 creatures vanquished.

Vanquished Creatures (others)
  5 toadstools (D:4)
5 creatures vanquished.

Grand Total: 72 creatures vanquished

Notes
Turn   | Place    | Note
-------+----------+-------------------------------------------
     0 | D:1      | kae the Draconian Transmuter began the quest for the Orb.
     0 | D:1      | Reached XP level 1. HP: 16/16 MP: 3/3
   118 | D:1      | Reached XP level 2. HP: 9/23 MP: 3/5
   394 | D:1      | Found a faded altar of an unknown god.
   886 | D:2      | Noticed Jessica
   893 | D:2      | Killed Jessica
   894 | D:2      | Reached skill level 3 in Transmutations
   894 | D:2      | Reached XP level 3. HP: 14/28 MP: 6/6
   897 | D:2      | Learned a level 2 spell: Wereblood
   901 | D:2      | Learned a level 3 spell: Spider Form
  1376 | D:2      | Found an ancient bone altar of Kikubaaqudgha.
  1813 | D:2      | Noticed Natasha
  1821 | D:2      | Killed Natasha
  1822 | D:2      | Reached XP level 4. HP: 17/35 MP: 1/8
  2245 | D:3      | Found a large runed translucent door.
  2246 | D:3      | Found a large runed translucent door.
  2263 | D:3      | Reached skill level 1 in Poison Magic
  2576 | D:3      | Reached XP level 5. HP: 33/40 MP: 7/9
  2695 | D:3      | Found Urymur's General Store.
  2708 | D:3      | Reached skill level 4 in Transmutations
  2861 | D:3      | Bought a scroll of identify for 20 gold pieces
  3553 | D:3      | Found a shimmering altar of Xom.
  3756 | D:4      | Reached XP level 6. HP: 47/47 MP: 4/10
  4259 | D:4      | Found a hide-covered altar of Uskayaw.
  4280 | D:4      | Reached skill level 5 in Transmutations
  4388 | D:4      | Demolished by an ogre

Illustrated notes

Levels and vault maps discovered:
D:1:      ncdulo_smallfort, layout_rooms, basic_ecumenical_altar
D:2:      layout_basic, basic_altar, chequers_arboretum, kennysheep_donut,
          minmay_worlds_worst_comb, uniq_jessica, uniq_natasha
D:3:      due_chaos_kobolds, layout_basic, serial_shops, shop,
          chequers_serial_rivers_large_a
D:4:      cheibrodos_pilgrimage, layout_cave_pods, general_overflow_altar,
          gammafunk_ghost_necromancy, minmay_gold_behind_fungi

Skill      XL: |  1  2  3  4  5  6 |
---------------+-------------------+-----
Transmutations | 3 4 5 |  5.1
Poison Magic   | 1 |  1.0
Spellcasting   | 3 |  3.5
Unarmed Combat | 4 |  4.3
Fighting       | |  1.1
Dodging        | |  1.7

Action                   |  1- 3 |  4- 6 || total
-------------------------+-------+-------++-------
Melee: Dagger            |    71 |    66 ||   137
       Headbutt          |     4 |     3 ||     7
       Unarmed           |     5 |    49 ||    54
       Kick              |    13 |    10 ||    23
       Tailslap          |     7 |     3 ||    10
       Punch             |     1 |     3 ||     4
 Cast: Beastly Appendage |    19 |     9 ||    28
       Spider Form       |     1 |    10 ||    11
       Wereblood         |     1 |     2 ||     3
  Use: Scroll            |     1 |     3 ||     4
       Potion            |       |     6 ||     6
Armor: Skin              |    18 |    43 ||    61
Dodge: Dodged            |    56 |   101 ||   157

Table legend: (Time is in decaauts)
 A = Elapsed time spent in this place.
 B = Non-inter-level travel time spent in this place.
 C = Inter-level travel time spent in this place.
 D = Time resting spent in this place.
 E = Time spent auto-exploring this place.
 F = Levels seen in this place.
 G = Mean time per level.
                   A        B        C        D        E       F      G
               +--------+--------+--------+--------+--------+-----+--------+
         Total |   4397 |   4293 |    104 |     31 |   3736 |   4 | 1099.2 |
       Dungeon |   4397 |   4293 |    104 |     31 |   3736 |   4 | 1099.2 |
               +--------+--------+--------+--------+--------+-----+--------+

Top non-repeatable levels by time:
     D:3: 1494 daAuts
     D:2: 1400 daAuts
     D:1: 801 daAuts
     D:4: 701 daAuts
